 Dungeon Crawl Stone Soup version 0.29.0-4-gdea44cf6ec (webtiles) character file.

Game seed: 2127924116395461163

14 qw the Chopper (level 2, -1/24 HPs)
             Began as a Barachi Chaos Knight on Sept 7, 2022.
             Frozen to death by an endoplasm (4 damage)
             ... on level 1 of the Dungeon.
             The game lasted 00:00:18 (791 turns).

qw the Chopper (Barachi Chaos Knight)                Turns: 791, Time: 00:00:19

Health: -1/24      AC:  5    Str: 13    XL:     2   Next: 45%
Magic:  2/2        EV: 11    Int: 12    God:
Gold:   26         SH:  0    Dex: 11    Spells: 1/1 levels left

rFire   . . .      SeeInvis .   a - +0 hand axe (chaos)
rCold   . . .      Faith    .   (no shield)
rNeg    . . .      Spirit   .   b - +2 leather armour
rPois   .          Reflect  .   (no helmet)
rElec   .          Harm     .   (no cloak)
rCorr   .          Rampage  .   (no gloves)
Will    .....                   (no boots)
Stlth   +.........              (no amulet)
HPRegen 0.08/turn               (no ring)
MPRegen 0.08/turn               (no ring)

@: slow
A: amphibious, slowness 1, strong legs 1, +LOS
a: Hop


You were on level 1 of the Dungeon.
You visited 1 branch of the dungeon, and saw 1 of its levels.

You collected 26 gold pieces.


Innate Abilities, Weirdness & Mutations

You are amphibious.
You cover ground slowly.
You can hop short distances.
You have an extended range of vision and can be seen from far away.


   Skills:
 - Level 3.6 Fighting
 + Level 4.2 Axes
 - Level 2.4 Armour
 - Level 1.1 Dodging


You had one spell level left.
You didn't know any spells.
Your spell library was empty.

Inventory:

Hand Weapons
 a - a +0 hand axe of chaos (weapon)
 k - a +0 whip
Armour
 b - a +2 leather armour (worn)
Scrolls
 e - a scroll of enchant armour {unknown}
 f - a scroll of fear {unknown}
 h - a scroll of brand weapon {unknown}
 i - a scroll of identify {unknown}
Potions
 d - a potion of might {unknown}
 g - a potion of heal wounds {unknown}
Miscellaneous
 c - a piece from Xom's chessboard (15/15)

Dungeon Overview and Level Annotations

Branches:
Dungeon (1/15)

Altars:


Message History

You hit the hobgoblin but do no damage.
The giant cockroach bites you but does no damage.
The endoplasm freezes you.
You are frozen.
The hobgoblin hits you but does no damage.
You closely miss the giant cockroach. You barely miss the hobgoblin.
You hit the endoplasm but do no damage. The giant cockroach bites you.
The endoplasm freezes you.
You are frozen.
The hobgoblin barely misses you.
You hit the giant cockroach.
The giant cockroach is severely wounded.
You hit the hobgoblin.
The hobgoblin is poisoned.
You hit the endoplasm but do no damage. The giant cockroach barely misses you.
The endoplasm barely misses you. The hobgoblin misses you.
The giant cockroach barely misses you.
You barely miss the giant cockroach.
The giant cockroach is severely wounded.
You hit the endoplasm.
The endoplasm seems to grow stronger.
You hit the hobgoblin. You burn the hobgoblin.
You kill the hobgoblin!
The giant cockroach bites you. The endoplasm freezes you.
You are frozen.
You hit the giant cockroach.
You kill the giant cockroach!
You closely miss the hobgoblin. You barely miss the endoplasm.
The hobgoblin closely misses you. The endoplasm freezes you.
You are frozen.
You hit the endoplasm.
Nothing appears to happen.
The endoplasm is moderately wounded.
You closely miss the hobgoblin. The endoplasm closely misses you.
The hobgoblin misses you.
You hit the endoplasm but do no damage.
The endoplasm flickers and vanishes!
Deactivating autopickup; reactivate with Ctrl-A.
You hit the hobgoblin. You freeze the hobgoblin.
You are frozen.
You die... "It was about time."

##......##......
#...............
#..........>....
+.....##.#...... #
#.....##.#...... #.
##.....##.......#
#.##................
#..#............##..
#%@g..#...g..#.....
#.%{..#......#.....
#.#.#.#......+ ...
#.....#......# ...
#.....#g.....# ..
#.#.#.#......# .
#.....#......#
#.....#....... #. .#
#....J..


You could see a hobgoblin.

Vanquished Creatures
  A dart slug (D:1)
  2 giant cockroaches (D:1)
  3 hobgoblins (D:1)
  2 bats (D:1)
  A frilled lizard (D:1)
  A kobold (D:1)
  2 rats (D:1)
12 creatures vanquished.

Notes
Turn   | Place    | Note
-------+----------+-------------------------------------------
     0 | D:1      | qw the Barachi Chaos Knight began the quest for the Orb.
     0 | D:1      | Reached XP level 1. HP: 18/18 MP: 1/1
     0 | D:1      | 0 ||| qw: Version: 0.1-a-108-g9e35731
     0 | D:1      | 0 ||| qw: Game counter: 6524
     0 | D:1      | 0 ||| qw: Always use a shield: true
     0 | D:1      | 0 ||| qw: God list: Okawaru
     0 | D:1      | 0 ||| qw: Allow faded altars: false
     0 | D:1      | 0 ||| qw: Do Orc after D:15 true
     0 | D:1      | 0 ||| qw: Do second Lair branch before Depths: true
     0 | D:1      | 0 ||| qw: Lair rune preference: random
     0 | D:1      | 0 ||| qw: Plans: Normal
     0 | D:1      | 0 ||| PLANNING D:1-11
     0 | D:1      | Fell from the grace of Xom
   157 | D:1      | 157 ||| Stepping ~*~*~tactically~*~*~ (hiding).
   260 | D:1      | 260 ||| Stepping ~*~*~tactically~*~*~ (hiding).
   362 | D:1      | 362 ||| Stepping ~*~*~tactically~*~*~ (hiding).
   566 | D:1      | Reached XP level 2. HP: 24/24 MP: 2/2
   571 | D:1      | XOM: torment (13/24 hp)
   714 | D:1      | 714 ||| Stepping ~*~*~tactically~*~*~ (stealth).
   716 | D:1      | 716 ||| Stepping ~*~*~tactically~*~*~ (stealth).
   717 | D:1      | 717 ||| Stepping ~*~*~tactically~*~*~ (stealth).
   718 | D:1      | 718 ||| Stepping ~*~*~tactically~*~*~ (stealth).
   719 | D:1      | 719 ||| Stepping ~*~*~tactically~*~*~ (stealth).
   720 | D:1      | 720 ||| Stepping ~*~*~tactically~*~*~ (stealth).
   724 | D:1      | Reached skill level 4 in Axes
   755 | D:1      | 755 ||| DROPPING +0 club.
   757 | D:1      | 757 ||| Stepping ~*~*~tactically~*~*~ (stealth).
   759 | D:1      | 759 ||| Stepping ~*~*~tactically~*~*~ (stealth).
   764 | D:1      | 764 ||| Stepping ~*~*~tactically~*~*~ (stealth).
   770 | D:1      | 770 ||| Stepping ~*~*~tactically~*~*~ (stealth).
   774 | D:1      | 774 ||| Stepping ~*~*~tactically~*~*~ (stealth).
   775 | D:1      | 775 ||| Stepping ~*~*~tactically~*~*~ (stealth).
   776 | D:1      | 776 ||| Stepping ~*~*~tactically~*~*~ (stealth).
   777 | D:1      | 777 ||| Stepping ~*~*~tactically~*~*~ (stealth).
   779 | D:1      | 779 ||| Stepping ~*~*~tactically~*~*~ (stealth).
   780 | D:1      | 780 ||| Stepping ~*~*~tactically~*~*~ (stealth).
   781 | D:1      | 781 ||| Stepping ~*~*~tactically~*~*~ (stealth).
   788 | D:1      | HP: 6/24 [frozen (4)]
   791 | D:1      | Frozen to death by an endoplasm

Levels and vault maps discovered:
D:1:      dpeg_arrival_circle_labyrinth_a, layout_basic, columned_hall_lemuel

Skill      XL: |  1  2 |
---------------+-------+-----
Axes           | 4 |  4.2
Fighting       | |  3.6
Armour         | |  2.4
Dodging        | |  1.1

Action                   || total
-------------------------++-------
Melee: Hand axe          ||    42
Invok: Renounce Religion ||     1
 Stab: Confused          ||     1
Armor: Leather armour    ||    29
Dodge: Dodged            ||    30

Table legend:
 A = Non-vault XP
 B = Vault XP
 C = Vault XP percentage of total XP
 D = Non-vault monster count
 E = Vault monster count
 F = Vault count percentage of total count
                 A         B        C        D         E       F
            +---------+---------+-------+---------+---------+-------
      Total |      21 |       0 |   0.0 |      12 |       0 |   0.0
            +---------+---------+-------+---------+---------+-------
        D:1 |      21 |       0 |   0.0 |      12 |       0 |   0.0
            +---------+---------+-------+---------+---------+-------
